 Dungeon Crawl Stone Soup version 0.31.0-32-g396128a36d (webtiles) character file.

Game seed: 17571461664199765937

6293 CaptainMV the Slicer (level 10, -8/114 HPs)
             Began as a Demonspawn Wanderer on Apr 10, 2024.
             Was a Priest of Ru.
             Mangled by a warg (11 damage)
             ... on level 1 of the Orcish Mines.
             The game lasted 00:51:38 (5662 turns).

CaptainMV the Slicer (Demonspawn Wanderer)          Turns: 5662, Time: 00:51:38

Health: -8/114     AC: 10    Str: 22    XL:     10   Next: 63%
Magic:  2/11       EV: 17    Int: 11    God:    Ru [***...]
Gold:   526        SH:  0    Dex: 24    Spells: 9/9 levels left

rFire   . . .        q - +1 hand axe of Capital Punishment {flame, *Rage Will+ Dex+3 Stlth+}
rCold   . . .        (no shield)
rNeg    . . .        r - +3 leather armour {rPois}
rPois   +            (no helmet)
rElec   .            w - +0 cloak
rCorr   .            (no gloves)
SInv    .            (no boots)
Will    .....        (no amulet) Stlth
                     A - +6 ring of strength
HPRegen 2.39/turn    C - +6 ring of strength
MPRegen 0.12/turn

%: random rage (20%)
@: berserking, very quick
A: claws 2, icy blue scales 2, powered by death 1, spiny 1, hated by all,
weak-willed 1, hooves 1, high MP 1, wild magic 1
a: Renounce Religion, Draw Out Power


You were on level 1 of the Orcish Mines.
You worshipped Ru.
Ru was most pleased with you.
You visited 2 branches of the dungeon, and saw 11 of its levels.

You collected 706 gold pieces.
You spent 180 gold pieces at shops.

Inventory:

Hand Weapons
 a - the +4 quick blade of Untimely Demise {vamp, rElec rF- MP-9 Int+6}
   (You acquired it on level 2 of the Dungeon)

   Int+6:     It affects your intelligence (+6).
   rF-:       It makes you vulnerable to fire.
   rElec:     It insulates you from electricity.
   MP-9:      It affects your magic capacity (-9).
 b - a +2 orcbow
 q - the +1 hand axe of Capital Punishment (weapon) {flame, *Rage Will+ Dex+3 Stlth+}
   (You found it on level 3 of the Dungeon)

   Dex+3:     It affects your dexterity (+3).
   Will+:     It increases your willpower.
   *Rage:     It berserks you when you make melee attacks (+20% chance).
   Stlth+:    It makes you more stealthy.
Missiles
 h - 5 atropa-tipped darts
 i - 18 boomerangs
 t - 16 poisoned darts
Armour
 e - a +0 robe
 l - a scarf of invisibility
 r - a +3 leather armour of poison resistance (worn)
 w - a +0 cloak (worn)
 I - a +0 troll leather armour
Jewellery
 z - a ring of protection from cold
 A - a +6 ring of strength (left claw)
 C - a +6 ring of strength (right claw)
Talismans
 x - a beast talisman
 J - a blade talisman
Wands
 g - a wand of mindburst (7) (quivered)
 m - a wand of charming (20)
 p - a wand of light (10)
 y - a wand of flame (27)
Scrolls
 d - 4 scrolls of teleportation
 s - a scroll of blinking
 v - 2 scrolls of fear
 B - 4 scrolls of fog {unknown}
 D - a scroll of revelation
 E - 2 scrolls of amnesia
 G - a scroll of enchant weapon
 H - a scroll of poison {unknown}
 L - a scroll of noise {unknown}
 M - a scroll of enchant armour {unknown}
Potions
 c - 6 potions of mutation
 f - a potion of might {unknown}
 j - a potion of heal wounds
 k - 2 potions of haste
 n - a potion of degeneration {unknown}
 o - 2 potions of curing
 u - 2 potions of brilliance {unknown}
 F - a potion of attraction {unknown}
 K - a potion of cancellation


   Skills:
 + Level 6.2 Fighting
 + Level 10.0 Short Blades
 + Level 2.0 Axes
 + Level 0.8 Ranged Weapons
 + Level 3.8 Armour
 + Level 6.5 Dodging
 + Level 5.1 Stealth
 + Level 4.9 Evocations


You had 9 spell levels left.
You didn't know any spells.
Your spell library contained the following spells:

 Spells                   Type           Power      Damage    Failure   Level
 Freeze                   Ice            0%         1d3       47%         1
 Frozen Ramparts          Ice            0%         1d1       83%         3
 Hailstorm                Conj/Ice       0%         3d5       83%         3
 Sigil of Binding         Hex            0%         N/A       83%         3
 Dimensional Bullseye     Hex/Tloc       0%         N/A       99%         4
 Call Canine Familiar     Summ           Unusable   N/A       N/A         3

Dungeon Overview and Level Annotations

Branches:
Dungeon (10/15)            Temple (0/1) D:4             Orc (1/2) D:10
   Lair: D:8-11

Altars:
Ashenzari
Cheibriados
Makhleb
Okawaru
Ru
Sif Muna
Wu Jian

Shops:
D:4 *   D:5 *   D:7 [   D:9 :


Innate Abilities, Weirdness & Mutations

You have very sharp fingernails.
You are mostly covered in icy blue scales. (AC +3)
You regenerate a little health from kills.
You are partially covered in sharp spines.
You are hated by all.
You are slightly weak-willed. (Will-)
You have large cloven feet.
You have an increased reservoir of magic. (+10% MP)
Your spells are a little harder to cast, but a little more powerful.


Message History

Things that are here:
a +0 club; an orc corpse You closely miss the orc warrior.
The orc warrior is severely wounded.
You hit the warg. You burn the warg. The warg barely misses you.
Unknown command.
You hit the orc warrior. You burn the orc warrior. You kick the orc warrior.
You kill the orc warrior!
You slash the warg! You burn the warg. You hit the warg. You burn the warg.
You feel less confused. The warg bites you!
The orc wizard yells loudly.
An orc comes into view.
It is wielding a +0 short sword and wearing a +2 leather armour of fire resistance.
The orc warrior hits you but does no damage.
The warg is stunned by your conviction and fails to attack.
The warg bites you!!
* * * LOW HITPOINT WARNING * * *
Unknown command.
You closely miss the warg.
The orc shouts!
You kick the warg!
The warg is almost dead.
You slash the warg! You burn the warg.
You hear a shout!
An orc wizard comes into view. It is wielding a +0 dagger.
The orc wizard begins to cast a spell, but is stunned by your conviction!
The warg is struck by your spines. The warg closely misses you.
The orc warrior hits you from afar with a +0 glaive!!
* * * LOW HITPOINT WARNING * * *
The warg bites you!
* * * LOW HITPOINT WARNING * * *
You closely miss the warg.
The orc wizard shouts!
Your kick misses the warg.
The warg is almost dead.
You barely miss the orc. You hit the warg. You burn the warg.
You kill the warg!
You hear a shout! x3
The warg bites you!
You die...

#.. #...##....#
#... #......... #
...o##..........#
#.........#..#...
...$.....#....#..
.....o...........
........o.......#
#..o..Ko>@.......
........h).......
.....#.)o)......#
..#..............
.................
..#..$...........
##...............
#................
#...............


You could see a kobold blastminer, a warg, an orc warrior, 3 orc wizards and 2
orcs.

Vanquished Creatures
  Lodul (D:10)
  A kobold demonologist (D:9)
  A troll (D:10)
  Prince Ribbit (D:9)
  A wyvern (D:8)
  A warg (Orc:1)
  2 vampire mosquitoes (D:7)
  A water moccasin (D:5)
  3 sky beasts
  4 orc warriors
  6 ogres (D:10)
  4 centaurs
  A kobold brigand (D:9)
  2 phantoms
  A gnoll sergeant (D:7)
  6 bullfrogs
  9 wights (D:9)
  9 killer bees
  An electric eel (D:9)
  7 howler monkeys
  2 bombardier beetles
  8 hounds
  A gnoll bouda (D:6)
  7 orc priests
  7 iguanas
  8 orc wizards
  Robin (D:2)
  6 adders
  10 gnolls
  4 shadow imps
  A white imp (D:7)
  4 ufetubi
  A ribbon worm (D:5)
  3 dart slugs
  47 orcs
  4 endoplasms
  4 giant cockroaches
  10 goblins
  8 hobgoblins
  7 jackals
  2 quokkas
  7 ball pythons
  3 bats
  A frilled lizard (D:2)
  8 kobolds
  5 rats
231 creatures vanquished.

Vanquished Creatures (others)
  A gnoll (D:6)
1 creature vanquished.

Grand Total: 232 creatures vanquished

Notes
Turn   | Place    | Note
-------+----------+-------------------------------------------
     0 | D:1      | CaptainMV the Demonspawn Wanderer began the quest for the
                  | Orb.
     0 | D:1      | CaptainMV set off with the following items: a +0 short
                  | sword, a wand of mindburst (8), a potion of mutation, a
                  | scroll of teleportation, a +0 robe.
     0 | D:1      | Reached XP level 1. HP: 15/15 MP: 1/1
   218 | D:1      | Gained mutation: You have sharp fingernails. [demonic
                  | ancestry]
   218 | D:1      | Reached XP level 2. HP: 12/21 MP: 2/2
   396 | D:1      | Reached skill level 2 in Short Blades
   554 | D:1      | Found a faded altar of an unknown god.
   660 | D:2      | Reached XP level 3. HP: 24/26 MP: 3/3
   698 | D:2      | Identified a scroll of acquirement
   698 | D:2      | Acquired the +4 quick blade of Untimely Demise {vamp, rElec
                  | rF- MP-9 Int+6}
   795 | D:2      | Noticed Robin
   836 | D:2      | Killed Robin
   894 | D:2      | Found a burning altar of Makhleb.
   926 | D:2      | Gained mutation: You are partially covered in icy blue
                  | scales. (AC +2) [demonic ancestry]
   926 | D:2      | Reached XP level 4. HP: 29/32 MP: 0/4
  1301 | D:3      | Reached skill level 3 in Short Blades
  1301 | D:3      | Reached skill level 1 in Stealth
  1434 | D:3      | Identified the +1 hand axe of Capital Punishment {flame,
                  | *Rage Will+ Dex+3 Stlth+}
  1650 | D:4      | Gained mutation: You are partially covered in sharp spines.
                  | [demonic ancestry]
  1650 | D:4      | Reached XP level 5. HP: 22/37 MP: 0/5
  1699 | D:4      | Reached XP level 6. HP: 44/44 MP: 0/6
  1815 | D:4      | Found a sacrificial altar of Ru.
  1823 | D:4      | Became a worshipper of Ru the Awakened
  1875 | D:4      | Found Eqowk's CLEARANCE SALE!.
  1880 | D:4      | Bought a scroll of identify for 8 gold pieces
  1880 | D:4      | Bought 3 scrolls of identify for 24 gold pieces
  1880 | D:4      | Bought a +0 cloak for 18 gold pieces
  1967 | D:4      | Found a staircase to the Ecumenical Temple.
  2178 | D:5      | Entered Level 5 of the Dungeon
  2180 | D:5      | Noticed a water moccasin
  2199 | D:5      | Reached skill level 4 in Short Blades
  2204 | D:5      | Killed a water moccasin
  2255 | D:5      | Found Xeru's Fire Supplies.
  2437 | D:5      | Gained mutation: You regenerate a little health from kills.
                  | [demonic ancestry]
  2437 | D:5      | Reached XP level 7. HP: 51/51 MP: 0/7
  2492 | D:5      | Reached skill level 5 in Short Blades
  2577 | D:5      | Found an ornate altar of the Wu Jian Council.
  2577 | D:5      | Found an iron altar of Okawaru.
  2585 | D:5      | Found a snail-covered altar of Cheibriados.
  2796 | D:5      | Gained mutation: You are slightly weak-willed. (Will-) [Ru
                  | sacrifice]
  2796 | D:5      | Reached * piety under Ru
  2797 | D:5      | Gained mutation: You have hidden genetic potential. [potion
                  | of mutation]
  2797 | D:5      | Gained mutation: You have an increased reservoir of magic.
                  | (+10% MP) [potion of mutation]
  3302 | D:6      | Reached skill level 6 in Short Blades
  3302 | D:6      | Gained mutation: You are mostly covered in icy blue scales.
                  | (AC +3) [demonic ancestry]
  3302 | D:6      | Reached XP level 8. HP: 55/58 MP: 0/8
  3681 | D:6      | Gained mutation: Your spells are a little harder to cast,
                  | but a little more powerful. [hidden potential]
  4087 | D:7      | Reached skill level 7 in Short Blades
  4226 | D:7      | Gained mutation: You have very sharp fingernails. [demonic
                  | ancestry]
  4226 | D:7      | Reached XP level 9. HP: 51/66 MP: 0/9
  4275 | D:7      | Found a broken altar of Ashenzari.
  4347 | D:7      | Found a burning altar of Makhleb.
  4425 | D:7      | Found Liaholl's Antique Armour Shop.
  4428 | D:7      | Bought a runed leather armour for 130 gold pieces
  4475 | D:8      | Found a shimmering blue altar of Sif Muna.
  4577 | D:8      | Gained mutation: You have large cloven feet. [hidden
                  | potential]
  4577 | D:8      | Lost mutation: You have hidden genetic potential. [hidden
                  | potential expressed]
  4582 | D:8      | Reached skill level 8 in Short Blades
  4591 | D:8      | Reached skill level 5 in Fighting
  4591 | D:8      | Reached skill level 5 in Dodging
  4605 | D:8      | Gained mutation: You are hated by all. [Ru sacrifice]
  4605 | D:8      | Reached ** piety under Ru
  4605 | D:8      | Reached *** piety under Ru
  4929 | D:9      | Reached skill level 9 in Short Blades
  5085 | D:9      | Reached XP level 10. HP: 74/74 MP: 1/11
  5091 | D:9      | Found Cule's Self-Improvement Boutique.
  5143 | D:9      | Noticed Prince Ribbit
  5155 | D:9      | Killed Prince Ribbit
  5241 | D:10     | Entered Level 10 of the Dungeon
  5500 | D:10     | Noticed Lodul
  5510 | D:10     | Killed Lodul
  5511 | D:10     | Reached skill level 5 in Stealth
  5520 | D:10     | Reached skill level 10 in Short Blades
  5570 | D:10     | Found a staircase to the Orcish Mines.
  5582 | D:10     | Reached skill level 1 in Axes
  5646 | Orc:1    | Entered Level 1 of the Orcish Mines
  5652 | Orc:1    | Noticed a kobold blastminer
  5661 | Orc:1    | HP: 1/114 [warg (10)]
  5662 | Orc:1    | Mangled by a warg

Illustrated notes

Levels and vault maps discovered:
D:1:      psy_arrival_statuary, layout_loops_ring,
          shapermc_ecumenical_altar_petra, minmay_heptomino_l4
D:2:      layout_rooms, basic_altar, uniq_robin
D:3:      layout_rooms, chequers_serial_rivers_marsh,
          minmay_misc_feat_more_columns, chequers_serial_rivers_small_3
D:4:      layout_loops_ring, nicolae_ru_path_of_blood, temple_doors_e,
          nicolae_shop_clearance
D:5:      layout_layer_cave, mainiacjoe_overflow_alcove_3, serial_bayou_pond_d,
          grunt_ministairs_1, nicolae_shop_fire_sale [nicolae_sub_dead_trees],
          minmay_misc_feat_cross
D:6:      layout_loops_corners, grunt_ministairs_8, solitary_fountain
D:7:      layout_rooms, mainiacjoe_overflow_catch_the_wave, serial_shops,
          nicolae_shop_real_fake_doors, dk_noncrumbling_4
D:8:      layout_rooms, nicolae_sif_muna_condensation, serial_bayou_pond_d
D:9:      layout_cave_pools, minmay_misc_feat_chi, grunt_decor_cap,
          nicolae_shop_self_help, uniq_prince_ribbit1
D:10:     layout_basic, nicolae_overflow_crystal_walls, dpeg_oklobed_lair,
          david_orc_2, uniq_joseph, uniq_lodul
Orc:1:    layout_caves

Skill      XL: |  1  2  3  4  5  6  7  8  9 10 |
---------------+-------------------------------+-----
Short Blades   | 2 3 4 6 7 9 10 | 10.0
Stealth        | 1 2 3 4 5 |  5.1
Dodging        | 2 3 4 5 6 |  6.5
Fighting       | 2 3 4 5 6 |  6.2
Armour         | 2 3 |  3.8
Axes           | 2 |  2.0
Ranged Weapons | |  0.8
Evocations     | |  4.9

Action                     |  1- 3 |  4- 6 |  7- 9 | 10-12 || total
---------------------------+-------+-------+-------+-------++-------
  Melee: Short sword       |    98 |       |       |       ||    98
         Punch             |     2 |     2 |     9 |     3 ||    16
         Quick blade       |    46 |   161 |   487 |   101 ||   795
         Kick              |       |       |    46 |    43 ||    89
         Hand axe          |       |       |     4 |    25 ||    29
   Fire: Sling             |    11 |     2 |       |       ||    13
         Orcbow            |       |       |       |     3 ||     3
 Invoke: Sacrifice Essence |       |       |     1 |       ||     1
         Sacrifice Love    |       |       |     1 |       ||     1
  Evoke: Wand              |       |       |     1 |     1 ||     2
    Use: Scroll            |     2 |     7 |     2 |     2 ||    13
         Potion            |     2 |     1 |     2 |       ||     5
   Stab: Sleeping          |     2 |     5 |     3 |       ||    10
         Distracted        |       |       |     1 |       ||     1
         Invisible         |       |       |       |     2 ||     2
 Armour: Robe              |    88 |    56 |   103 |       ||   247
         Leather armour    |       |       |    56 |    70 ||   126
  Dodge: Dodged            |    86 |    62 |   208 |    89 ||   445
